 Dungeon Crawl Stone Soup version 0.23.2-1-ga50397a (console) character file.

Game seed: 12230061577167342941

121051 fly the Fencer (level 16, -2/180 HPs)
             Began as a Demonspawn Fighter on Apr 5, 2019.
             Was the Champion of Okawaru.
             Killed by angry trees
             ... awakened by a spriggan druid
              (3 damage)
             ... on level 2 of the Swamp on Apr 15, 2019.
             The game lasted 01:29:07 (32345 turns).

fly the Fencer (Demonspawn Fighter)                Turns: 32345, Time: 01:29:07

Health: -2/180     AC: 40    Str: 23    XL:     16   Next: 31%
Magic:  0/22       EV:  8    Int: 11    God:    Okawaru [******]
Gold:   1545       SH: 17    Dex: 17    Spells: 26/27 levels left

rFire    + . .     SeeInvis +   a - +7 Singing Sword {slice, sonic wave}
rCold    + . .     Gourm    .   v - +0 large shield {reflect}
rNeg     . . .     Faith    .   y - +3 chain mail of Gasut {*Drain +Inv rPois rF+}
rPois    +         Spirit   +   e - +1 helmet {SInv}
rElec    .         Reflect  +   q - scarf {repulsion}
rCorr    .         Harm     .   (gloves unavailable)
MR       +....                  o - +0 pair of boots
Stlth    ..........             r - amulet of rage
HPRegen  0.40/turn              l - +5 ring of protection
MPRegen  0.36/turn              c - +3 ring of evasion

@: berserking, marked, sanguine armour, slowed, repel missiles
A: claws 3, cold resistance 1, icemail, low mp 1, magic shield, magic
regeneration, freezing cloud immunity, sanguine armour 1
a: Heroism, Finesse, Renounce Religion, Evoke Berserk Rage, Evoke Invisibility


You were on level 2 of the Swamp.
You worshipped Okawaru.
Okawaru was exalted by your worship.
You were very hungry.

You visited 5 branches of the dungeon, and saw 25 of its levels.
You also visited: Sewer.

You collected 2257 gold pieces.
You spent 712 gold pieces at shops.

Inventory:

Hand Weapons
 a - the +7 Singing Sword (weapon) {slice, sonic wave}
   (Okawaru gifted it to you on level 1 of the Orcish Mines)

   It inflicts extra damage upon your enemies.
 b - a +1 scimitar of flaming
 w - a +0 blowgun
Missiles
 I - 5 curare-tipped needles
Armour
 e - a +1 helmet of see invisible (worn)
 o - a +0 pair of boots (worn)
 q - a scarf of repulsion (worn)
 v - a +0 large shield of reflection (worn)
 y - the +3 chain mail of Gasut (worn) {*Drain +Inv rPois rF+}
   (Okawaru gifted it to you on level 2 of the Lair of Beasts)

   It protects you from fire.
   It protects you from poison.
   It lets you turn invisible.
   It causes draining when unequipped.
 J - the cursed +0 robe of Aceqis {rF- Regen+ Str+10 Int-2, unknown}
   (You found it on level 2 of the Swamp)

   It affects your strength (+10).
   It affects your intelligence (-2).
   It makes you vulnerable to fire.
   It increases your rate of regeneration.
   It has a curse placed upon it.
Jewellery
 c - a +3 ring of evasion (right claw)
 l - a +5 ring of protection (left claw)
 r - an amulet of rage (around neck)
 u - an uncursed ring of see invisible
 R - an uncursed ring of protection from fire
Wands
 z - a wand of enslavement (4)
 B - a wand of iceblast (17)
 D - a wand of polymorph (8)
 G - a wand of digging (18)
 H - a wand of flame (42)
 W - a wand of acid (2)
Scrolls
 d - 2 scrolls of vulnerability
 g - a scroll of blinking {unknown}
 h - 2 scrolls of fear
 j - a scroll of immolation {unknown}
 m - 11 scrolls of teleportation
 s - 4 scrolls of amnesia
 x - 3 scrolls of fog
 C - a scroll of silence
 M - a scroll of magic mapping
Potions
 i - 14 potions of curing
 k - 7 potions of heal wounds
 n - 2 potions of invisibility
 p - 4 potions of resistance
 t - 4 potions of agility
 A - 2 potions of haste
 E - 3 potions of might
 F - 4 potions of lignification
 L - 2 potions of magic {unknown}
Miscellaneous
 X - a phial of floods
Comestibles
 f - 39 rations


   Skills:
 - Level 9.0 Fighting
 + Level 16.4 Long Blades
 - Level 12.0 Armour
 - Level 9.0 Shields
 - Level 6.0 Spellcasting
 - Level 6.0 Hexes
 - Level 6.0 Invocations
 - Level 12.0 Evocations


You had 26 spell levels left.
You knew the following spells:

 Your Spells              Type           Power        Failure   Level  Hunger
z - Confusing Touch       Hex            ###...       54%         1    None

Your spell library contained the following spells:

 Spells                   Type           Power        Failure   Level  Hunger
 Animate Skeleton         Necr           N/A          100%        1    None
 Apportation              Tloc           #.....       100%        1    None
 Flame Tongue             Conj/Fire      #....        100%        1    None
 Infusion                 Chrm           #...         100%        1    None
 Pain                     Necr           #...         100%        1    None
 Sandblast                Erth           #.....       100%        1    None
 Summon Small Mammal      Summ           #...         100%        1    None
 Blink                    Tloc           N/A          100%        2    ##.....
 Passwall                 Tmut/Erth      #.......     100%        2    ##.....
 Regeneration             Chrm/Necr      #.........   100%        3    ###....
 Stone Arrow              Conj/Erth      #.....       100%        3    ###....
 Teleport Other           Tloc           #.......     100%        3    ###....
 Vampiric Draining        Necr           #.........   100%        3    ###....
 Animate Dead             Necr           N/A          100%        4    ####...
 Cause Fear               Hex            ###.......   100%        4    ####...
 Petrify                  Tmut/Erth      #.......     100%        4    ####...
 Lee's Rapid Deconstruct  Erth           #.........   100%        5    ######.
 Bolt of Fire             Conj/Fire      #.........   100%        6    #######
 Dispersal                Tloc           #.........   100%        6    #######
 Dragon Form              Tmut           #.........   100%        7    #######
 Disjunction              Tloc           #.........   100%        8    #######
 Dragon's Call            Summ           #.........   100%        9    #######


Dungeon Overview and Level Annotations

Branches:
Dungeon (14/15)            Temple (1/1) D:7            Lair (6/6) D:9
  Swamp (2/4) Lair:3       Spider (0/4) Lair:3        Slime (0/5) Lair:5
    Orc (2/2) D:9             Elf (0/3) Orc:2        Vaults (0/5) D:14

Altars:
Ashenzari
Cheibriados
Dithmenos
Elyvilon
Fedhas
Gozag
Hepliaklqana
Kikubaaqudgha
Makhleb
Nemelex Xobeh
Okawaru
Qazlal
Ru
Sif Muna
Trog
Uskayaw
Vehumet
Wu Jian
Xom
Yredelemnul
Zin
The Shining One

Shops:
Orc:1 *   Orc:2 !:?[[

Portals:
Hell: Lair:6
Pandemonium: Orc:2


Innate Abilities, Weirdness & Mutations

You have claws for hands.
Your flesh is cold resistant. (rC+)
A meltable icy envelope protects you from harm. (AC +10)
When hurt, damage is shared between your health and your magic reserves.
You regenerate magic rapidly.
You are immune to freezing clouds.
When seriously injured, your bleeding wounds create armour. (AC +6)
Your magical capacity is low. (-10% MP)


Message History

* * * LOW HITPOINT WARNING * * *
The swamp worm bites you!
* * * LOW HITPOINT WARNING * * *
The swamp worm barely misses you.
You riposte.
You slash the swamp worm!
The Singing Sword shrieks, "No rest until they move no more!"
You send a blast of sound all around you.
The monsters around you are blasted!
The torpor snail is moderately wounded.
You kill the tyrant leech!
Okawaru accepts your kill.
The swamp worm is lightly wounded.
The spriggan druid is lightly wounded.
The swamp worm is almost dead. x2
Press: ? - help, v - describe, . - travel
Here: a swamp worm (almost dead) Some shallow water.
Your shield prevents you from hitting the swamp worm.
The swamp worm is almost dead.
Trunks creak and shift.
You are hit by a branch.
You die...

♣..≈≈§.≈.≈.♣.≈≈....§
♣?.≈≈≈≈≈≈≈..≈♣.≈≈.≈ .≈
♣.≈≈♣†.♣♣≈≈.≈≈.≈(.≈
..≈♣♣♣.≈≈≈≈)†≈≈≈≈♣≈≈≈..≈
......$≈≈≈)w≈≈§♣≈≈.≈...♣
...###....♣..≈.≈≈≈≈....
##.......≈≈≈.≈≈.≈≈≈♣.≈..
#...#.#.w.≈≈.≈≈.≈.≈≈≈≈÷≈
#.).!i@†..≈...≈≈.≈♣≈≈..
....♣≈w.♣♣♣≈≈≈.≈≈.......
..♣ ♣.≈♣♣ ♣♣>≈.♣≈≈.♣♣♣♣♣
♣..[ ♣♣≈......♣ . ♣...
♣♣♣≈≈≈..♣♣.♣ ♣♣ ...♣§
♣.≈≈..).♣♣.♣ ♣
......≈.......♣♣♣♣♣
....##....≈..≈♣♣ #..#
......≈.♣.


You could see a torpor snail, a spriggan druid and 2 swamp worms.

Vanquished Creatures
  Rupert (D:14)
  Agnes (D:14)
  Kirke (Swamp:1)
  Louise (D:14)
  A stone giant (Orc:2)
  A dire elephant (Lair:6)
  Azrael (D:12)
  A minotaur (D:13)
  Josephine (Swamp:1)
  A vault guard (D:14)
  The ghost of Cadaver the Cleaver, a journeyman DgSk (D:13)
  7 hydras
  A catoblepas (Lair:4)
  A shambling mangrove (Swamp:1)
  Harold (D:7)
  6 two-headed ogres
  2 centaur warriors
  4 alligators
  A death yak (Lair:4)
  7 orc high priests (Orc:2)
  2 sixfirhies
  4 skeletal warriors (D:14)
  A spriggan druid (Swamp:2)
  4 wizards
  4 torturous demonspawn (Orc:2)
  2 necromancers (D:14)
  5 orc knights
  8 ugly things
  2 manticores
  6 orc sorcerers
  2 oklob plants
  4 cyclopes
  A moth of wrath (Swamp:2)
  3 elephants
  A smoke demon (Lair:6)
  Maurice (D:9)
  6 black mambas
  Psyche (D:12)
  3 torpor snails
  3 gargoyles
  3 orange demons
  21 spiny frogs
  5 rime drakes
  A freezing wraith (D:14)
  9 komodo dragons
  2 ice devils
  5 jumping spiders (Lair:3)
  A tengu conjurer (D:14)
  The ghost of slayr the Thaumaturge, a novice DECj (D:5)
  2 red devils (Lair:6)
  A queen bee (Lair:3)
  A polar bear (Lair:5)
  5 trolls
  16 tyrant leeches (Swamp:2)
  2 hornets (Swamp:1)
  34 blink frogs
  32 slime creatures
  2 bog bodies
  A meliai zombie (D:13)
  Sigmund (D:3)
  11 hippogriffs
  2 redbacks (Lair:3)
  4 shadows
  2 wyverns
  7 wraiths
  4 spriggans
  21 humans
  17 yaks
  4 basilisks
  2 chaos spawn (Orc:2)
  3 fire elementals (D:12)
  A hungry ghost (D:9)
  22 vampire mosquitoes
  A steam dragon (D:11)
  Menkaure (D:6)
  6 swamp worms
  9 insubstantial wisps (Swamp:1)
  4 wargs
  7 hell hounds
  2 soldier ants
  12 water moccasins
  5 swamp drakes
  32 orc warriors
  12 porcupines
  6 sky beasts
  A hornet zombie (D:13)
  4 ice beasts
  3 phantoms
  3 wolves (Lair:3)
  13 ogres
  4 centaurs
  12 crocodiles
  4 big kobolds
  12 bullfrogs
  2 gnoll sergeants
  2 wyvern zombies
  3 scorpions
  27 killer bees
  9 wights
  5 electric eels
  2 howler monkeys (D:5)
  4 crimson imps
  10 hounds
  7 jellies
  30 orc priests
  3 iguanas
  15 orc wizards
  13 hell rats
  10 worker ants
  A hound zombie (D:9)
  3 worker ant zombies
  10 gnolls
  9 adders
  A river rat (D:5)
  2 shadow imps
  4 oozes
  2 adder skeletons
  4 worms
  2 dart slugs (D:1)
  7 leopard geckos
  79 orcs
  11 bats
  8 giant cockroaches
  15 hobgoblins
  23 jackals
  23 kobolds
  6 quokkas
  4 ball pythons
  11 frilled lizards
  9 goblins
  19 rats
  A bush (Lair:4)
898 creatures vanquished.

Vanquished Creatures (collateral kills)
  An orc high priest (Orc:1)
  2 orcs (Orc:1)
3 creatures vanquished.

Vanquished Creatures (others)
  A tengu conjurer (D:14)
  An orc warrior (Orc:1)
  3 humans (Swamp:1)
  A yak (Lair:1)
  A porcupine (Lair:1)
  A water moccasin (Lair:1)
  2 killer bees (D:9)
  A gnoll (D:6)
  2 bushes (Lair:6)
  21 fungi
  13 plants
47 creatures vanquished.

Grand Total: 948 creatures vanquished

Notes
Turn   | Place    | Note
-------+----------+-------------------------------------------
     0 | D:1      | fly the Demonspawn Fighter began the quest for the Orb.
     0 | D:1      | Reached XP level 1. HP: 18/18 MP: 1/1
    21 | D:1      | Reached skill level 2 in Long Blades
    35 | D:1      | Gained mutation: When seriously injured, your bleeding
                  | wounds create armour. (AC +6) [demonic ancestry]
    35 | D:1      | Reached XP level 2. HP: 20/24 MP: 2/2
   439 | D:1      | Gained mutation: You have sharp fingernails. [demonic
                  | ancestry]
   439 | D:1      | Reached XP level 3. HP: 29/29 MP: 3/3
   673 | D:2      | You fall through a shaft for 2 floors!
   681 | D:4      | Gained mutation: When hurt, damage is shared between your
                  | health and your magic reserves. [demonic ancestry]
   681 | D:4      | Reached XP level 4. HP: 35/35 MP: 4/4
   742 | D:4      | Reached skill level 3 in Long Blades
   789 | D:4      | Found a glowing drain.
   806 | Sewer    | Entered a sewer
   831 | Sewer    | Noticed a big kobold
   838 | Sewer    | Killed a big kobold
   838 | Sewer    | Reached XP level 5. HP: 41/41 MP: 5/5
  1022 | Sewer    | Reached skill level 4 in Long Blades
  1110 | Sewer    | Reached skill level 5 in Armour
  1110 | Sewer    | Reached XP level 6. HP: 36/47 MP: 6/6
  1326 | D:4      | Found a shattered altar of Ashenzari.
  1647 | D:2      | Found a radiant altar of Vehumet.
  2076 | D:2      | Gained mutation: You have very sharp fingernails. [demonic
                  | ancestry]
  2076 | D:2      | Reached XP level 7. HP: 52/52 MP: 7/7
  2254 | D:3      | Noticed Sigmund
  2260 | D:3      | Killed Sigmund
  2382 | D:3      | Found a bloodstained altar of Trog.
  2759 | D:4      | Found a deep blue altar of Sif Muna.
  3065 | D:5      | Entered Level 5 of the Dungeon
  3128 | D:5      | Found a runed translucent door.
  3135 | D:5      | Noticed slayr's ghost (novice DECj)
  3173 | D:5      | Killed slayr's ghost
  3173 | D:5      | Reached skill level 5 in Long Blades
  3173 | D:5      | Reached XP level 8. HP: 38/58 MP: 5/8
  3189 | D:5      | Found a runed translucent door.
  3800 | D:5      | Paralysed by an orc for 7 turns
  4268 | D:4      | Identified Sif Muna's Incunabulum of Augmentations
  4504 | D:6      | Gained mutation: You have claws for hands. [demonic
                  | ancestry]
  4504 | D:6      | Reached XP level 9. HP: 63/63 MP: 9/9
  4525 | D:6      | Reached skill level 10 in Armour
  4920 | D:6      | Noticed Menkaure
  4923 | D:6      | Upgraded the game from 0.23.2 to 0.23.2-1-ga50397a
  4923 | D:6      | Killed Menkaure
  5921 | D:7      | Reached skill level 6 in Long Blades
  5944 | D:7      | Reached skill level 5 in Fighting
  6023 | D:7      | Found a glowing golden altar of the Shining One.
  6024 | D:7      | Noticed Harold
  6044 | D:7      | Killed Harold
  6119 | D:7      | Found a hazy altar of Hepliaklqana.
  6154 | D:7      | Found a staircase to the Ecumenical Temple.
  6432 | D:8      | Reached skill level 5 in Shields
  6682 | D:8      | Gained mutation: Your flesh is cold resistant. (rC+)
                  | [demonic ancestry]
  6682 | D:8      | Reached XP level 10. HP: 70/76 MP: 8/10
  6695 | D:8      | Found a burning altar of Makhleb.
  6810 | D:8      | You fall through a shaft for 2 floors!
  6810 | D:10     | Entered Level 10 of the Dungeon
  6835 | D:10     | Learned a level 1 spell: Confusing Touch
  6855 | D:9      | Noticed a two-headed ogre
  6862 | D:9      | Killed a two-headed ogre
  7029 | D:9      | Found an iron altar of Okawaru.
  7035 | D:9      | Became a worshipper of Warmaster Okawaru
  7088 | D:9      | Found a staircase to the Lair.
  7106 | D:9      | Noticed a two-headed ogre
  7112 | D:9      | Killed a two-headed ogre
  7112 | D:9      | Reached skill level 7 in Long Blades
  7125 | D:9      | Reached * piety under Okawaru
  7152 | D:9      | Reached skill level 8 in Long Blades
  7182 | D:9      | Found a white marble altar of Elyvilon.
  7288 | D:9      | Noticed Maurice
  7350 | D:9      | Paralysed by something for 3 turns
  7364 | D:9      | Killed Maurice
  7469 | D:9      | Reached ** piety under Okawaru
  7635 | D:9      | Found a staircase to the Orcish Mines.
  8260 | Temple   | Entered the Ecumenical Temple
  8560 | D:9      | Reached skill level 9 in Long Blades
  8693 | Lair:1   | Entered Level 1 of the Lair of Beasts
  8701 | D:9      | Reached skill level 1 in Evocations
  8701 | D:9      | Reached XP level 11. HP: 72/86 MP: 9/11
  8983 | D:9      | Identified Sif Muna's Grimoire of Translocation
  8994 | D:9      | Reached *** piety under Okawaru
  9340 | Lair:1   | Noticed a five-headed hydra
  9350 | Lair:1   | Killed a five-headed hydra
  9437 | Lair:1   | Reached **** piety under Okawaru
  9467 | Lair:1   | Reached skill level 5 in Evocations
  9476 | Lair:1   | Noticed a four-headed hydra
  9513 | Lair:1   | Killed a four-headed hydra
  9902 | Lair:1   | Reached skill level 1 in Spellcasting
  9992 | Lair:1   | Reached ***** piety under Okawaru
 10662 | Lair:2   | Reached skill level 5 in Spellcasting
 10822 | Lair:2   | Received a gift from Okawaru
 10822 | Lair:2   | Gained mutation: You regenerate magic rapidly. [demonic
                  | ancestry]
 10822 | Lair:2   | Reached XP level 12. HP: 73/95 MP: 16/21
 10876 | Lair:2   | Got a twisted chain mail {god gift}
 10891 | Lair:2   | Identified the +3 chain mail of Gasut {*Drain +Inv rPois
                  | rF+} (Okawaru gifted it to you on level 2 of the Lair of
                  | Beasts)
 12427 | Lair:3   | Found a staircase to the Swamp.
 13090 | Lair:3   | Found a hole to the Spider Nest.
 13226 | Lair:3   | Reached skill level 1 in Hexes
 13853 | Lair:4   | Noticed a catoblepas
 13864 | Lair:4   | Reached skill level 5 in Hexes
 13917 | Lair:4   | Killed a catoblepas
 14252 | Lair:4   | Noticed a death yak
 14295 | Lair:4   | Killed a death yak
 15388 | Lair:4   | Gained mutation: You are immune to freezing clouds.
                  | [demonic ancestry]
 15388 | Lair:4   | Reached XP level 13. HP: 85/101 MP: 19/22
 15976 | Lair:4   | Got a smoking chain mail
 15987 | Lair:4   | Identified the +1 chain mail of Qemeh {MP+9} (You found it
                  | on level 4 of the Lair of Beasts)
 16583 | Lair:5   | Found a staircase to the Slime Pits.
 16953 | Lair:5   | Received a gift from Okawaru
 17132 | Lair:5   | Reached skill level 1 in Invocations
 17759 | Lair:6   | Entered Level 6 of the Lair of Beasts
 17931 | Lair:5   | Reached skill level 5 in Invocations
 18678 | Lair:6   | Received a gift from Okawaru
 18942 | Lair:6   | Found the +6 Majin-Bo {vamp, Archmagi MP+6 Int+6}
 19872 | Lair:6   | Noticed a dire elephant
 19900 | Lair:6   | Killed a dire elephant
 20085 | Lair:6   | Found a burning altar of Makhleb.
 20618 | Lair:6   | Reached skill level 10 in Long Blades
 20994 | Lair:6   | Reached XP level 14. HP: 108/108 MP: 21/23
 21038 | Lair:6   | Found a gateway to Hell.
 21264 | Orc:1    | Entered Level 1 of the Orcish Mines
 21703 | Orc:2    | Entered Level 2 of the Orcish Mines
 21706 | Orc:2    | Noticed a stone giant
 21978 | Orc:2    | Killed a stone giant
 22288 | Orc:2    | Found Raqyor's Distillery.
 22482 | Orc:2    | Reached skill level 11 in Long Blades
 22484 | Orc:2    | Found Adwuyp's Magic Scroll Shoppe.
 22576 | Orc:2    | Bought a potion of heal wounds for 80 gold pieces
 22576 | Orc:2    | Bought a potion of heal wounds for 80 gold pieces
 22576 | Orc:2    | Bought a potion of heal wounds for 80 gold pieces
 22576 | Orc:2    | Bought a potion of curing for 48 gold pieces
 22576 | Orc:2    | Bought a potion of curing for 48 gold pieces
 22578 | Orc:2    | Bought a scroll of fear for 42 gold pieces
 22578 | Orc:2    | Bought a scroll of noise for 12 gold pieces
 22578 | Orc:2    | Bought a scroll of identify for 24 gold pieces
 22578 | Orc:2    | Bought a scroll of identify for 24 gold pieces
 22578 | Orc:2    | Bought a scroll of fog for 24 gold pieces
 22578 | Orc:2    | Bought a scroll of silence for 90 gold pieces
 22835 | Orc:1    | Found Fughesac's General Store.
 23027 | Orc:1    | Received a gift from Okawaru
 23027 | Orc:1    | Reached ****** piety under Okawaru
 23028 | Orc:1    | Found the +7 Singing Sword {slice, sonic wave}
 23368 | Orc:2    | Found a staircase to the Elven Halls.
 23676 | Orc:2    | Found Ruetziwn's Armour Boutique.
 23864 | Orc:2    | Reached skill level 12 in Long Blades
 24167 | Orc:2    | Gained mutation: Your magical capacity is low. (-10% MP) [a
                  | neqoxec]
 24168 | Orc:2    | Reached skill level 10 in Evocations
 24332 | Orc:2    | Received a gift from Okawaru
 24609 | Orc:2    | Found Gomel's Antique Armour Boutique.
 24609 | Orc:2    | Found Kadoucwa's Book Shop.
 24609 | Orc:2    | Found a one-way gate leading to the halls of Pandemonium.
 24617 | Orc:2    | Bought an embroidered scarf for 160 gold pieces
 25145 | D:10     | Received a gift from Okawaru
 25253 | D:10     | Found a radiant altar of Vehumet.
 26430 | D:12     | Noticed Psyche
 26451 | D:12     | Killed Psyche
 26931 | D:12     | Gained mutation: A meltable icy envelope protects you from
                  | harm. (AC +10) [demonic ancestry]
 26931 | D:12     | Reached XP level 15. HP: 87/113 MP: 19/21
 26994 | D:12     | Noticed Azrael
 27006 | D:12     | Killed Azrael
 27572 | D:13     | Found a runed translucent gate.
 27573 | D:13     | Found a runed translucent gate.
 27574 | D:13     | Found a runed translucent gate.
 27582 | D:13     | Noticed Cadaver's ghost (journeyman DgSk)
 27597 | D:13     | Killed Cadaver's ghost
 27597 | D:13     | Reached skill level 13 in Long Blades
 28381 | D:14     | Noticed Louise
 28409 | D:14     | Received a gift from Okawaru
 28410 | D:14     | Killed Louise
 28496 | D:14     | Noticed Rupert
 28517 | D:14     | Killed Rupert
 28517 | D:14     | Reached skill level 14 in Long Blades
 28903 | D:14     | Received a gift from Okawaru
 28961 | D:14     | Found a shadowy altar of Dithmenos.
 28961 | D:14     | Noticed Agnes
 28974 | D:14     | Killed Agnes
 29272 | D:14     | HP: 1/113 [very large slime creature (33)]
 29288 | D:14     | Reached skill level 15 in Long Blades
 29931 | D:14     | Found a gate to the Vaults.
 30664 | Swamp:1  | Entered Level 1 of the Swamp
 30747 | Swamp:1  | Found an opulent altar of Gozag.
 30813 | Swamp:1  | Noticed Josephine
 30821 | Swamp:1  | Killed Josephine
 30821 | Swamp:1  | Reached XP level 16. HP: 63/120 MP: 16/22
 30867 | Swamp:1  | Noticed Kirke
 30943 | Swamp:1  | Killed Kirke
 31846 | Swamp:2  | Reached skill level 16 in Long Blades
 31848 | Swamp:2  | Received a gift from Okawaru
 32252 | Swamp:2  | Got a faintly glowing robe
 32269 | Swamp:2  | Received a gift from Okawaru
 32344 | Swamp:2  | HP: 1/180 [swamp worm (10)]
 32345 | Swamp:2  | Killed from afar by a spriggan druid

Skill      XL: |  1  2  3  4  5  6  7  8  9 10 11 12 13 14 15 16 |
---------------+-------------------------------------------------+-----
Long Blades    | 2 3 4 5 6 9 10 12 15 16 | 16.4
Armour         | 3 4 5 6 7 9 10 11 12 | 12.0
Shields        | 3 5 6 9 |  9.0
Fighting       | 6 7 9 |  9.0
Evocations     | 1 6 9 12 | 12.0
Spellcasting   | 6 |  6.0
Hexes          | 6 |  6.0
Invocations    | 6 |  6.0

Action                   |  1- 3 |  4- 6 |  7- 9 | 10-12 | 13-15 | 16-18 || total
-------------------------+-------+-------+-------+-------+-------+-------++-------
Melee: Long sword        |   104 |       |       |       |       |       ||   104
       Falchion          |     2 |   205 |   508 |  1161 |  1043 |       ||  2919
       Double sword      |       |       |       |       |   681 |   224 ||   905
       Scimitar          |       |       |       |       |       |     6 ||     6
 Fire: Blowgun           |       |       |       |       |     6 |       ||     6
Invok: Heroism           |       |       |       |     2 |       |       ||     2
 Abil: Evoke Berserk Rag |       |       |       |     2 |    20 |     4 ||    26
Evoke: Wand              |       |       |     5 |    30 |    38 |     2 ||    75
  Use: Scroll            |       |       |    11 |     5 |     8 |     1 ||    25
       Potion            |       |       |     5 |     2 |     3 |     1 ||    11
 Stab: Paralysed         |       |       |     3 |       |       |       ||     3
       Petrified         |       |       |       |    10 |       |       ||    10
       Petrifying        |       |       |       |     2 |     2 |       ||     4
  Eat: Chunk             |       |     5 |    15 |    24 |    58 |     9 ||   111
       Ration            |       |       |       |     2 |     4 |       ||     6
Armor: Scale mail        |     7 |       |       |       |       |       ||     7
       Plate armour      |    64 |   189 |   349 |   284 |    27 |       ||   913
       Skin              |       |       |    17 |       |       |       ||    17
       Chain mail        |       |       |       |   312 |   810 |    92 ||  1214
Dodge: Dodged            |     7 |    31 |    70 |   250 |   407 |    43 ||   808
       Deflected         |       |       |       |       |     8 |     2 ||    10
Block: Shield            |    50 |   125 |   237 |   534 |   229 |       ||  1175
       Large shield      |       |       |       |       |  1128 |   154 ||  1282
       Reflection        |       |       |       |       |    28 |    11 ||    39
       Rpst.: Long sword |     3 |       |       |       |       |       ||     3
       Falchion          |       |     8 |    22 |    75 |    60 |       ||   165
       Double sword      |       |       |       |       |    41 |    10 ||    51
       Scimitar          |       |       |       |       |       |     2 ||     2
